[ PARTIDA AOE2 · #478413279 ]
UnrankedGurjaras vs Maya
[ ANÁLISIS DE REPETICIÓN · EXTRAÍDO DE LA PARTIDA GRABADA ]
Feudal
8:16
Castillos
23:44
Imperial
—
| APM promedio | 37.4 |
| APM pico | 73 |
| eAPM promedio | 13.9 |
| Aldeanos / militares | 70 / 94 |
Foco
⚔️ 34.6% · 🌾 65.4%
Camel Scout ×63 · Scout Cavalry ×23 · Shrivamsha Rider ×8
Feudal
11:03
Castillos
22:57
Imperial
—
| APM promedio | 72.4 |
| APM pico | 113 |
| eAPM promedio | 24.7 |
| Aldeanos / militares | 99 / 94 |
Foco
⚔️ 50.9% · 🌾 49.1%
Archer ×79 · Spearman ×8 · Militia ×7
Feudal
7:48
Castillos
21:31
Imperial
—
| APM promedio | 61.5 |
| APM pico | 105 |
| eAPM promedio | 21.1 |
| Aldeanos / militares | 98 / 104 |
Foco
⚔️ 41.4% · 🌾 58.6%
Archer ×98 · Militia ×6
Feudal
9:20
Castillos
19:22
Imperial
—
| APM promedio | 47.5 |
| APM pico | 130 |
| eAPM promedio | 16.8 |
| Aldeanos / militares | 58 / 91 |
Foco
⚔️ 38.6% · 🌾 61.4%
Archer ×88 · Spearman ×3
Feudal
8:52
Castillos
21:40
Imperial
—
| APM promedio | 42.7 |
| APM pico | 92 |
| eAPM promedio | 19.0 |
| Aldeanos / militares | 89 / 49 |
Foco
⚔️ 31.1% · 🌾 68.9%
Knight ×35 · Scout Cavalry ×14
Feudal
8:33
Castillos
26:09
Imperial
—
| APM promedio | 57.7 |
| APM pico | 126 |
| eAPM promedio | 14.4 |
| Aldeanos / militares | 64 / 62 |
Foco
⚔️ 40.6% · 🌾 59.4%
Scout Cavalry ×38 · Knight ×24
Feudal
10:06
Castillos
25:25
Imperial
—
| APM promedio | 53.2 |
| APM pico | 106 |
| eAPM promedio | 19.1 |
| Aldeanos / militares | 108 / 57 |
Foco
⚔️ 41.1% · 🌾 58.9%
Knight ×29 · Scout Cavalry ×26 · Spearman ×2
Feudal
8:21
Castillos
22:09
Imperial
—
| APM promedio | 54.5 |
| APM pico | 88 |
| eAPM promedio | 30.7 |
| Aldeanos / militares | 78 / 96 |
Foco
⚔️ 54.6% · 🌾 45.4%
Archer ×95 · Spearman ×1
Mapa de la partida
Recursos iniciales + cada clic de construcción. Líneas = muros · curvas = relieve. ◆ oro · ⬟ piedra · ● bayas · ✦ reliquia · ◌ hueco del cierre
Tu base· Abierta — hueco de 11t
Base de link_chaos· Abierta — hueco de 7t
Base de Aqua Sama· Abierta — hueco de 13t
Base de justkidding· Abierta — hueco de 9t
Base de _kill3rJ· Abierta — flanco sin cerrar
Base de Valar· Abierta — hueco de 8t
Base de Morty2· Abierta — hueco de 5t
Base de Water· Abierta — hueco de 10t
Terreno inicial suavizado · ◌ = hueco del cierre detectado · pasá el cursor para detalles
Inputs por minuto
— dopefish - - link_chaos
Build order — dopefish
Primeras 150 de 233 acciones detectadas
| 0:03 | Construir | Town Center |
| 1:05 | Crear | Villager (Male) |
| 1:06 | Crear | Villager (Male) |
| 1:06 | Crear | Villager (Male) |
| 1:06 | Crear | Villager (Male) |
| 1:06 | Crear | Villager (Male) |
| 1:50 | Crear | Villager (Male) |
| 1:50 | Crear | Villager (Male) |
| 2:25 | Construir | Lumber Camp |
| 2:34 | Crear | Villager (Male) |
| 2:35 | Crear | Villager (Male) |
| 3:48 | Crear | Villager (Male) |
| 4:05 | Construir | Mill |
| 4:07 | Crear | Villager (Male) |
| 4:28 | Crear | Villager (Male) |
| 5:01 | Crear | Villager (Male) |
| 5:33 | Investigar | Loom |
| 6:03 | Investigar | Feudal Age |
| 7:06 | Construir | Barracks |
| 7:11 | Crear | Villager (Male) |
| 7:22 | Construir | House |
| 8:16 | Edad | Edad Feudal |
| 8:18 | Construir | Stable |
| 8:28 | Crear | Villager (Male) |
| 8:30 | Investigar | Double-Bit Axe |
| 8:55 | Crear | Villager (Male) |
| 9:02 | Construir | House |
| 9:24 | Crear | Scout Cavalry |
| 9:26 | Crear | Villager (Male) |
| 9:26 | Crear | Villager (Male) |
| 9:38 | Construir | Palisade Wall |
| 9:43 | Construir | Palisade Wall |
| 9:52 | Construir | Palisade Wall |
| 9:56 | Construir | Palisade Wall |
| 10:22 | Crear | Villager (Male) |
| 10:25 | Crear | Scout Cavalry |
| 10:25 | Crear | Scout Cavalry |
| 10:26 | Crear | Scout Cavalry |
| 10:26 | Crear | Villager (Male) |
| 10:27 | Crear | Villager (Male) |
| 10:29 | Construir | Farm |
| 10:57 | Crear | Villager (Male) |
| 10:58 | Crear | Scout Cavalry |
| 10:58 | Crear | Scout Cavalry |
| 10:58 | Crear | Scout Cavalry |
| 11:01 | Construir | Farm |
| 11:20 | Construir | House |
| 11:27 | Crear | Villager (Male) |
| 11:28 | Crear | Villager (Male) |
| 11:33 | Construir | Farm |
| 11:43 | Crear | Villager (Male) |
| 11:48 | Construir | House |
| 12:02 | Crear | Villager (Male) |
| 12:29 | Crear | Villager (Male) |
| 12:53 | Crear | Scout Cavalry |
| 12:54 | Crear | Scout Cavalry |
| 13:11 | Construir | House |
| 13:20 | Crear | Villager (Male) |
| 13:23 | Construir | House |
| 13:30 | Construir | Blacksmith |
| 13:38 | Crear | Scout Cavalry |
| 13:38 | Crear | Scout Cavalry |
| 13:38 | Crear | Scout Cavalry |
| 13:58 | Crear | Villager (Male) |
| 13:59 | Crear | Villager (Male) |
| 14:29 | Construir | Stable |
| 14:30 | Construir | Palisade Wall |
| 14:37 | Investigar | Horse Collar |
| 14:47 | Crear | Villager (Male) |
| 15:08 | Investigar | Scale Barding Armor |
| 15:08 | Investigar | Forging |
| 15:20 | Crear | Villager (Male) |
| 15:30 | Crear | Villager (Male) |
| 15:32 | Construir | House |
| 15:35 | Construir | Farm |
| 15:36 | Construir | Farm |
| 15:38 | Construir | Farm |
| 15:49 | Crear | Scout Cavalry |
| 15:49 | Crear | Scout Cavalry |
| 15:52 | Construir | Farm |
| 15:57 | Construir | Farm |
| 15:58 | Construir | Farm |
| 16:06 | Construir | Palisade Wall |
| 16:11 | Crear | Villager (Male) |
| 16:14 | Construir | Mining Camp |
| 16:25 | Crear | Scout Cavalry |
| 16:25 | Crear | Scout Cavalry |
| 16:33 | Crear | Villager (Male) |
| 16:57 | Crear | Villager (Male) |
| 16:58 | Crear | Scout Cavalry |
| 16:58 | Crear | Scout Cavalry |
| 17:10 | Construir | Farm |
| 17:11 | Construir | Farm |
| 17:16 | Crear | Scout Cavalry |
| 17:31 | Crear | Villager (Male) |
| 17:38 | Crear | Scout Cavalry |
| 17:38 | Crear | Scout Cavalry |
| 17:40 | Crear | Villager (Male) |
| 17:42 | Construir | Farm |
| 18:09 | Construir | Farm |
| 18:17 | Crear | Villager (Male) |
| 18:26 | Construir | Farm |
| 18:28 | Construir | Farm |
| 18:32 | Construir | Farm |
| 18:44 | Construir | Farm |
| 18:46 | Construir | Farm |
| 18:48 | Construir | Farm |
| 18:52 | Crear | Villager (Male) |
| 18:53 | Crear | Villager (Male) |
| 18:55 | Construir | Farm |
| 19:12 | Construir | Farm |
| 19:22 | Investigar | Bloodlines |
| 19:39 | Crear | Villager (Male) |
| 19:53 | Construir | Farm |
| 19:56 | Crear | Villager (Male) |
| 20:12 | Construir | House |
| 20:39 | Crear | Villager (Male) |
| 21:00 | Investigar | Castle Age |
| 21:07 | Construir | House |
| 21:17 | Construir | Mill |
| 21:18 | Construir | Farm |
| 21:30 | Investigar | Bloodlines |
| 21:38 | Construir | Farm |
| 21:42 | Crear | Scout Cavalry |
| 21:42 | Crear | Scout Cavalry |
| 21:49 | Crear | Camel Scout |
| 21:49 | Crear | Camel Scout |
| 21:59 | Crear | Camel Scout |
| 22:00 | Crear | Camel Scout |
| 22:01 | Crear | Camel Scout |
| 22:01 | Crear | Camel Scout |
| 22:18 | Crear | Camel Scout |
| 22:22 | Construir | House |
| 22:28 | Construir | Farm |
| 22:36 | Investigar | Forging |
| 22:54 | Crear | Camel Scout ×2 |
| 22:54 | Crear | Camel Scout ×2 |
| 22:59 | Construir | Farm |
| 23:43 | Crear | Villager (Male) |
| 23:44 | Edad | Edad de los Castillos |
| 23:46 | Crear | Camel Scout |
| 23:47 | Crear | Camel Scout |
| 23:54 | Crear | Villager (Male) |
| 23:58 | Investigar | Husbandry |
| 24:01 | Crear | Villager (Male) |
| 24:09 | Crear | Camel Scout |
| 24:10 | Crear | Camel Scout |
| 24:26 | Crear | Villager (Male) |
| 24:28 | Crear | Camel Scout |
| 24:28 | Crear | Camel Scout |
Build order — link_chaos
Primeras 150 de 310 acciones detectadas
| 0:03 | Construir | Town Center |
| 1:04 | Crear | Villager (Male) |
| 1:04 | Crear | Villager (Male) |
| 1:05 | Crear | Villager (Male) |
| 1:06 | Crear | Villager (Male) |
| 1:35 | Construir | Lumber Camp |
| 1:49 | Crear | Villager (Male) |
| 1:49 | Crear | Villager (Male) |
| 2:23 | Crear | Villager (Male) |
| 2:23 | Crear | Villager (Male) |
| 3:19 | Crear | Villager (Male) |
| 3:28 | Crear | Villager (Male) |
| 3:41 | Construir | Barracks |
| 3:55 | Crear | Villager (Male) |
| 3:55 | Crear | Villager (Male) |
| 4:15 | Construir | House |
| 4:21 | Crear | Villager (Male) |
| 4:36 | Crear | Militia |
| 4:37 | Crear | Militia |
| 4:54 | Crear | Militia |
| 4:54 | Crear | Militia |
| 5:06 | Crear | Militia |
| 5:06 | Crear | Militia |
| 5:18 | Crear | Villager (Male) |
| 5:33 | Construir | Mill |
| 5:40 | Crear | Villager (Male) |
| 5:57 | Construir | House |
| 5:58 | Construir | Palisade Wall |
| 6:00 | Construir | Palisade Wall |
| 6:13 | Crear | Villager (Male) |
| 6:40 | Crear | Villager (Male) |
| 7:02 | Investigar | Loom |
| 7:36 | Crear | Villager (Male) |
| 7:36 | Crear | Villager (Male) |
| 7:44 | Construir | House |
| 7:45 | Construir | Palisade Wall |
| 7:46 | Construir | Palisade Wall |
| 8:02 | Construir | Palisade Wall |
| 8:05 | Construir | Palisade Wall |
| 8:06 | Construir | Palisade Wall |
| 8:07 | Construir | Palisade Wall |
| 8:08 | Construir | Palisade Wall |
| 8:15 | Crear | Villager (Male) |
| 8:53 | Investigar | Feudal Age |
| 8:57 | Construir | Mining Camp |
| 9:16 | Construir | Palisade Gate |
| 9:17 | Construir | Palisade Wall |
| 9:18 | Crear | Villager (Male) |
| 9:21 | Construir | Palisade Wall |
| 10:01 | Crear | Militia |
| 10:02 | Crear | Villager (Male) |
| 10:25 | Construir | Palisade Wall |
| 10:25 | Construir | Palisade Wall |
| 10:32 | Crear | Villager (Male) |
| 11:03 | Edad | Edad Feudal |
| 11:06 | Investigar | Man-at-Arms (upgrade) |
| 11:06 | Investigar | Man-at-Arms (upgrade) |
| 11:21 | Construir | Archery Range |
| 11:24 | Crear | Villager (Male) |
| 11:26 | Construir | Palisade Wall |
| 11:28 | Construir | Palisade Wall |
| 11:41 | Investigar | Double-Bit Axe |
| 11:41 | Crear | Villager (Male) |
| 11:53 | Crear | Villager (Male) |
| 11:53 | Crear | Villager (Male) |
| 12:08 | Crear | Villager (Male) |
| 12:17 | Construir | Archery Range |
| 12:17 | Crear | Villager (Male) |
| 12:20 | Crear | Villager (Male) |
| 12:20 | Crear | Villager (Male) |
| 12:25 | Crear | Villager (Male) |
| 12:26 | Crear | Villager (Male) |
| 12:33 | Construir | Mill |
| 12:38 | Crear | Archer |
| 12:44 | Construir | Farm |
| 13:01 | Crear | Archer |
| 13:04 | Crear | Spearman |
| 13:39 | Crear | Villager (Male) |
| 13:41 | Crear | Archer |
| 13:41 | Crear | Archer |
| 13:56 | Construir | Farm |
| 13:58 | Construir | Farm |
| 13:59 | Construir | Farm |
| 14:05 | Crear | Spearman |
| 14:05 | Crear | Spearman |
| 14:14 | Crear | Archer |
| 14:14 | Crear | Archer |
| 14:25 | Construir | House |
| 14:51 | Crear | Villager (Male) |
| 14:57 | Crear | Archer |
| 14:57 | Crear | Spearman |
| 14:58 | Crear | Spearman |
| 15:10 | Crear | Archer |
| 15:11 | Crear | Archer |
| 15:25 | Construir | House |
| 15:35 | Construir | House |
| 15:54 | Crear | Villager (Male) |
| 15:58 | Construir | Blacksmith |
| 16:14 | Construir | House |
| 16:15 | Construir | House |
| 16:29 | Crear | Archer |
| 16:29 | Crear | Archer |
| 16:48 | Investigar | Fletching |
| 16:48 | Investigar | Fletching |
| 16:49 | Crear | Archer |
| 16:50 | Crear | Archer |
| 16:50 | Crear | Villager (Male) |
| 16:58 | Crear | Archer |
| 16:58 | Crear | Archer |
| 16:59 | Crear | Villager (Male) |
| 16:59 | Crear | Villager (Male) |
| 17:09 | Construir | House |
| 17:11 | Crear | Archer |
| 17:11 | Crear | Archer |
| 17:21 | Crear | Archer |
| 17:45 | Construir | Farm |
| 17:46 | Construir | Farm |
| 17:47 | Construir | Farm |
| 17:47 | Construir | Farm |
| 18:01 | Crear | Villager (Male) |
| 18:03 | Construir | Farm |
| 18:04 | Construir | Farm |
| 18:23 | Crear | Villager (Male) |
| 18:32 | Construir | Market |
| 18:38 | Crear | Villager (Male) |
| 18:40 | Construir | Farm |
| 18:42 | Construir | House |
| 19:15 | Construir | Farm |
| 19:17 | Crear | Archer |
| 19:17 | Crear | Archer |
| 19:18 | Crear | Villager (Male) |
| 19:18 | Crear | Villager (Male) |
| 20:07 | Construir | Farm |
| 20:07 | Construir | Farm |
| 20:17 | Investigar | Castle Age |
| 20:17 | Investigar | Castle Age |
| 20:18 | Crear | Archer |
| 20:18 | Crear | Archer |
| 20:45 | Crear | Archer |
| 20:48 | Crear | Villager (Male) |
| 20:48 | Crear | Villager (Male) |
| 21:02 | Crear | Archer |
| 21:02 | Crear | Archer |
| 21:07 | Crear | Villager (Male) |
| 21:07 | Crear | Villager (Male) |
| 21:12 | Construir | Farm |
| 21:20 | Investigar | Gold Mining |
| 21:20 | Investigar | Gold Mining |
| 21:23 | Crear | Villager (Male) |
| 21:44 | Crear | Archer |
Build order — Aqua Sama
Primeras 150 de 296 acciones detectadas
| 0:03 | Construir | Town Center |
| 1:05 | Crear | Villager (Male) ×4 |
| 1:05 | Crear | Villager (Male) ×4 |
| 1:45 | Crear | Villager (Male) |
| 1:45 | Crear | Villager (Male) |
| 2:20 | Crear | Villager (Male) |
| 2:20 | Crear | Villager (Male) |
| 2:24 | Construir | Lumber Camp |
| 2:50 | Crear | Villager (Male) |
| 2:50 | Crear | Villager (Male) |
| 3:25 | Crear | Villager (Male) |
| 3:25 | Crear | Villager (Male) |
| 3:49 | Crear | Villager (Male) |
| 3:49 | Crear | Villager (Male) |
| 4:14 | Construir | Barracks |
| 4:37 | Construir | House |
| 4:39 | Crear | Villager (Male) |
| 4:39 | Crear | Villager (Male) |
| 5:08 | Crear | Villager (Male) |
| 5:18 | Crear | Villager (Male) |
| 6:00 | Construir | Mining Camp |
| 6:28 | Investigar | Feudal Age |
| 6:39 | Crear | Militia |
| 6:39 | Crear | Militia |
| 6:58 | Crear | Militia |
| 6:58 | Crear | Militia |
| 7:15 | Crear | Militia |
| 7:15 | Crear | Militia |
| 7:32 | Construir | House |
| 7:43 | Crear | Villager (Male) |
| 7:48 | Edad | Edad Feudal |
| 8:05 | Investigar | Man-at-Arms (upgrade) |
| 8:05 | Investigar | Man-at-Arms (upgrade) |
| 8:17 | Crear | Villager (Male) |
| 8:18 | Crear | Villager (Male) |
| 8:22 | Investigar | Loom |
| 8:22 | Investigar | Loom |
| 8:43 | Crear | Villager (Male) |
| 8:43 | Crear | Villager (Male) |
| 8:47 | Construir | Archery Range |
| 9:08 | Crear | Villager (Male) |
| 9:08 | Crear | Villager (Male) |
| 9:45 | Crear | Villager (Male) |
| 9:45 | Crear | Villager (Male) |
| 9:55 | Construir | Archery Range |
| 10:04 | Construir | House |
| 10:10 | Crear | Villager (Male) |
| 10:19 | Crear | Archer |
| 10:35 | Crear | Archer |
| 10:46 | Crear | Villager (Male) |
| 10:59 | Crear | Villager (Male) |
| 11:00 | Crear | Archer |
| 11:00 | Crear | Archer |
| 11:12 | Crear | Villager (Male) |
| 11:20 | Crear | Villager (Male) |
| 11:21 | Crear | Archer |
| 11:21 | Crear | Archer |
| 11:27 | Construir | Blacksmith |
| 11:49 | Crear | Villager (Male) |
| 11:50 | Crear | Archer |
| 11:50 | Crear | Archer |
| 11:57 | Construir | House |
| 12:10 | Crear | Archer |
| 12:12 | Crear | Villager (Male) |
| 12:29 | Construir | Mill |
| 12:37 | Investigar | Fletching |
| 12:37 | Investigar | Fletching |
| 12:41 | Construir | Palisade Wall |
| 12:53 | Crear | Villager (Male) |
| 13:03 | Construir | House |
| 13:06 | Crear | Archer |
| 13:06 | Crear | Archer |
| 13:21 | Crear | Villager (Male) |
| 13:25 | Crear | Archer |
| 13:25 | Crear | Archer |
| 13:32 | Crear | Villager (Male) |
| 13:33 | Crear | Archer |
| 13:34 | Crear | Archer |
| 13:49 | Crear | Archer |
| 13:49 | Crear | Archer |
| 13:50 | Crear | Villager (Male) |
| 14:09 | Crear | Archer |
| 14:13 | Crear | Villager (Male) |
| 14:15 | Construir | Farm |
| 14:18 | Construir | Farm |
| 14:24 | Construir | House |
| 14:40 | Crear | Archer |
| 14:40 | Crear | Archer |
| 14:45 | Investigar | Padded Archer Armor |
| 14:50 | Construir | Farm |
| 14:50 | Crear | Villager (Male) |
| 14:54 | Crear | Archer |
| 14:54 | Crear | Archer |
| 15:10 | Crear | Villager (Male) |
| 15:16 | Construir | House |
| 15:23 | Construir | House |
| 15:27 | Construir | Palisade Wall |
| 15:36 | Investigar | Town Watch |
| 15:38 | Crear | Archer |
| 15:39 | Crear | Archer |
| 15:49 | Construir | Farm |
| 15:55 | Construir | Farm |
| 15:57 | Crear | Villager (Male) |
| 16:00 | Crear | Archer |
| 16:00 | Crear | Archer |
| 16:13 | Construir | Farm |
| 16:31 | Construir | Farm |
| 16:33 | Crear | Villager (Male) |
| 16:33 | Crear | Villager (Male) |
| 16:42 | Crear | Archer |
| 16:44 | Crear | Villager (Male) |
| 16:44 | Crear | Villager (Male) |
| 16:47 | Construir | Farm |
| 17:05 | Construir | House |
| 17:07 | Construir | Farm |
| 17:11 | Crear | Archer |
| 17:16 | Construir | House |
| 17:24 | Crear | Archer |
| 17:31 | Construir | Farm |
| 17:38 | Crear | Archer |
| 17:44 | Crear | Villager (Male) |
| 17:57 | Construir | Market |
| 18:06 | Crear | Archer |
| 18:06 | Crear | Archer |
| 18:08 | Crear | Villager (Male) |
| 18:14 | Construir | Farm |
| 18:48 | Crear | Villager (Male) |
| 18:50 | Construir | Farm |
| 18:59 | Construir | House |
| 19:06 | Construir | Farm |
| 19:08 | Crear | Villager (Male) |
| 19:10 | Crear | Archer |
| 19:10 | Crear | Archer |
| 19:55 | Investigar | Castle Age |
| 19:56 | Investigar | Castle Age |
| 20:17 | Crear | Archer |
| 20:17 | Crear | Archer |
| 20:40 | Crear | Villager (Male) |
| 21:27 | Crear | Archer |
| 21:31 | Edad | Edad de los Castillos |
| 21:33 | Investigar | Crossbowman (upgrade) |
| 21:36 | Investigar | Bodkin Arrow |
| 21:36 | Investigar | Bodkin Arrow |
| 21:41 | Construir | University |
| 21:45 | Crear | Villager (Male) |
| 21:50 | Crear | Villager (Male) |
| 21:56 | Crear | Villager (Male) |
| 22:02 | Investigar | Double-Bit Axe |
| 22:02 | Investigar | Double-Bit Axe |
| 22:14 | Crear | Villager (Male) |
Build order — justkidding
Primeras 150 de 214 acciones detectadas
| 0:10 | Construir | Town Center |
| 1:12 | Crear | Villager (Male) |
| 1:12 | Crear | Villager (Male) |
| 1:12 | Crear | Villager (Male) |
| 1:12 | Crear | Villager (Male) |
| 1:13 | Crear | Villager (Male) |
| 1:55 | Crear | Villager (Male) |
| 1:55 | Crear | Villager (Male) |
| 2:13 | Crear | Villager (Male) |
| 2:13 | Crear | Villager (Male) |
| 3:07 | Crear | Villager (Male) |
| 3:08 | Crear | Villager (Male) |
| 3:26 | Crear | Villager (Male) |
| 3:41 | Crear | Villager (Male) |
| 3:41 | Crear | Villager (Male) |
| 3:46 | Construir | Lumber Camp |
| 3:52 | Construir | House |
| 4:17 | Crear | Villager (Male) |
| 4:38 | Crear | Villager (Male) |
| 5:01 | Crear | Villager (Male) |
| 5:01 | Crear | Villager (Male) |
| 5:09 | Construir | Mill |
| 6:04 | Investigar | Loom |
| 7:10 | Investigar | Feudal Age |
| 7:28 | Construir | Mining Camp |
| 8:53 | Crear | Villager (Male) |
| 8:53 | Crear | Villager (Male) |
| 9:05 | Construir | Barracks |
| 9:06 | Construir | House |
| 9:20 | Edad | Edad Feudal |
| 9:26 | Crear | Villager (Male) |
| 10:17 | Construir | Archery Range |
| 10:22 | Crear | Villager (Male) |
| 10:44 | Construir | Archery Range |
| 10:45 | Crear | Villager (Male) |
| 11:01 | Crear | Spearman |
| 11:05 | Construir | House |
| 11:06 | Construir | House |
| 11:09 | Crear | Villager (Male) |
| 11:28 | Crear | Archer |
| 11:28 | Crear | Archer |
| 11:30 | Crear | Villager (Male) |
| 11:39 | Construir | House |
| 11:51 | Crear | Archer |
| 11:51 | Crear | Archer |
| 12:00 | Crear | Archer |
| 12:00 | Crear | Archer |
| 12:16 | Construir | House |
| 12:22 | Crear | Archer |
| 12:23 | Crear | Archer |
| 12:24 | Crear | Villager (Male) |
| 12:42 | Crear | Villager (Male) |
| 12:44 | Crear | Archer |
| 12:45 | Crear | Archer |
| 12:56 | Construir | Blacksmith |
| 13:24 | Crear | Archer |
| 13:24 | Crear | Archer |
| 13:34 | Crear | Villager (Male) |
| 13:56 | Crear | Villager (Male) |
| 14:18 | Crear | Villager (Male) |
| 14:37 | Crear | Archer |
| 14:37 | Crear | Archer |
| 14:53 | Crear | Villager (Male) |
| 14:57 | Construir | Farm |
| 14:58 | Construir | Farm |
| 14:59 | Construir | Farm |
| 15:19 | Crear | Villager (Male) |
| 15:21 | Construir | Farm |
| 15:34 | Construir | Farm |
| 15:55 | Investigar | Fletching |
| 16:09 | Crear | Villager (Male) |
| 16:13 | Construir | Farm |
| 16:34 | Investigar | Padded Archer Armor |
| 16:42 | Investigar | Castle Age |
| 16:59 | Crear | Archer |
| 16:59 | Crear | Archer |
| 16:59 | Crear | Archer |
| 17:04 | Crear | Villager (Male) |
| 17:07 | Crear | Spearman |
| 17:07 | Crear | Spearman |
| 17:11 | Construir | Farm |
| 17:12 | Construir | Farm |
| 18:00 | Construir | Archery Range |
| 18:01 | Crear | Archer |
| 18:02 | Crear | Archer |
| 18:04 | Investigar | Gold Mining |
| 18:06 | Investigar | Double-Bit Axe |
| 18:09 | Crear | Archer |
| 18:09 | Crear | Archer |
| 18:24 | Investigar | Horse Collar |
| 18:55 | Crear | Archer |
| 18:55 | Crear | Archer |
| 18:56 | Crear | Archer |
| 19:03 | Crear | Archer |
| 19:04 | Crear | Archer |
| 19:04 | Crear | Archer |
| 19:07 | Construir | House |
| 19:08 | Construir | House |
| 19:13 | Crear | Archer |
| 19:14 | Crear | Archer |
| 19:14 | Crear | Archer |
| 19:22 | Edad | Edad de los Castillos |
| 19:28 | Investigar | Crossbowman (upgrade) |
| 19:46 | Crear | Archer |
| 19:46 | Crear | Archer |
| 19:55 | Construir | House |
| 20:01 | Crear | Archer |
| 20:01 | Crear | Archer |
| 20:17 | Construir | Farm |
| 20:19 | Construir | Farm |
| 20:37 | Crear | Archer |
| 20:37 | Crear | Archer |
| 20:37 | Crear | Archer |
| 20:42 | Crear | Archer |
| 20:42 | Crear | Archer |
| 20:43 | Crear | Archer |
| 20:50 | Construir | University |
| 20:51 | Crear | Villager (Male) |
| 20:59 | Investigar | Bow Saw |
| 21:00 | Crear | Archer |
| 21:01 | Crear | Archer |
| 21:01 | Crear | Archer |
| 21:22 | Construir | Farm |
| 21:26 | Construir | Farm |
| 21:38 | Crear | Archer |
| 21:38 | Crear | Archer |
| 21:49 | Construir | Farm |
| 21:51 | Construir | Farm |
| 21:54 | Construir | Farm |
| 22:07 | Crear | Archer |
| 22:07 | Crear | Archer |
| 22:07 | Crear | Archer |
| 22:08 | Crear | Archer |
| 22:09 | Crear | Villager (Male) |
| 22:09 | Crear | Villager (Male) |
| 22:10 | Crear | Villager (Male) |
| 22:11 | Crear | Villager (Male) |
| 22:28 | Construir | Lumber Camp |
| 22:31 | Crear | Villager (Male) |
| 23:04 | Crear | Archer |
| 23:04 | Crear | Archer |
| 23:05 | Crear | Archer |
| 23:05 | Crear | Archer |
| 23:05 | Crear | Archer |
| 23:05 | Crear | Archer |
| 23:06 | Crear | Archer |
| 23:52 | Investigar | Ballistics |
| 23:56 | Investigar | Bodkin Arrow |
| 23:58 | Crear | Archer |
| 23:59 | Crear | Archer |
Build order — _kill3rJ
Primeras 150 de 243 acciones detectadas
| 0:03 | Construir | Town Center |
| 1:06 | Crear | Villager (Male) |
| 1:06 | Crear | Villager (Male) |
| 1:07 | Crear | Villager (Male) |
| 1:07 | Crear | Villager (Male) |
| 1:07 | Crear | Villager (Male) |
| 1:46 | Crear | Villager (Male) |
| 1:46 | Crear | Villager (Male) |
| 2:44 | Construir | Lumber Camp |
| 3:06 | Crear | Villager (Male) |
| 3:28 | Crear | Villager (Male) |
| 3:33 | Crear | Villager (Male) |
| 3:34 | Crear | Villager (Male) |
| 3:46 | Crear | Villager (Male) |
| 3:47 | Crear | Villager (Male) |
| 4:26 | Construir | Mill |
| 4:35 | Crear | Villager (Male) |
| 5:10 | Crear | Villager (Male) |
| 6:42 | Investigar | Feudal Age |
| 6:52 | Construir | Barracks |
| 7:04 | Construir | House |
| 7:05 | Construir | Palisade Wall |
| 7:06 | Construir | Palisade Wall |
| 7:36 | Construir | Palisade Wall |
| 7:37 | Construir | Palisade Wall |
| 7:39 | Construir | Palisade Wall |
| 8:15 | Construir | House |
| 8:19 | Crear | Villager (Male) |
| 8:29 | Crear | Villager (Male) |
| 8:30 | Investigar | Loom |
| 8:47 | Construir | House |
| 8:52 | Edad | Edad Feudal |
| 8:57 | Construir | Stable |
| 8:59 | Investigar | Double-Bit Axe |
| 8:59 | Investigar | Double-Bit Axe |
| 9:08 | Crear | Villager (Male) |
| 9:14 | Construir | Palisade Wall |
| 9:19 | Construir | Palisade Wall |
| 9:41 | Construir | Palisade Wall |
| 9:42 | Crear | Scout Cavalry |
| 9:43 | Crear | Scout Cavalry |
| 9:56 | Construir | House |
| 10:00 | Crear | Scout Cavalry |
| 10:15 | Crear | Scout Cavalry |
| 10:23 | Construir | Blacksmith |
| 10:27 | Crear | Villager (Male) |
| 10:48 | Crear | Scout Cavalry |
| 10:54 | Crear | Villager (Male) |
| 10:58 | Construir | Farm |
| 11:06 | Construir | House |
| 11:08 | Construir | Palisade Wall |
| 11:11 | Crear | Scout Cavalry |
| 11:30 | Crear | Scout Cavalry |
| 11:42 | Investigar | Scale Barding Armor |
| 11:42 | Investigar | Scale Barding Armor |
| 11:47 | Crear | Villager (Male) |
| 12:03 | Construir | House |
| 12:16 | Crear | Scout Cavalry |
| 12:18 | Crear | Villager (Male) |
| 12:21 | Construir | Farm |
| 12:26 | Crear | Scout Cavalry |
| 12:39 | Construir | House |
| 12:55 | Crear | Villager (Male) |
| 13:08 | Construir | Farm |
| 13:09 | Construir | Farm |
| 13:17 | Crear | Villager (Male) |
| 13:40 | Crear | Villager (Male) |
| 13:42 | Construir | Farm |
| 13:43 | Construir | Farm |
| 13:46 | Crear | Villager (Male) |
| 13:49 | Construir | Mining Camp |
| 13:59 | Construir | Farm |
| 14:00 | Construir | Farm |
| 14:01 | Construir | Farm |
| 14:08 | Crear | Scout Cavalry |
| 14:22 | Crear | Scout Cavalry |
| 14:25 | Construir | Farm |
| 14:32 | Crear | Villager (Male) |
| 14:36 | Construir | House |
| 14:44 | Crear | Villager (Male) |
| 14:46 | Construir | Farm |
| 14:47 | Construir | Farm |
| 15:19 | Investigar | Forging |
| 15:20 | Investigar | Forging |
| 15:26 | Construir | Farm |
| 15:36 | Crear | Villager (Male) |
| 15:48 | Crear | Villager (Male) |
| 15:58 | Crear | Villager (Male) |
| 16:06 | Crear | Villager (Male) |
| 16:12 | Construir | Farm |
| 16:14 | Construir | Farm |
| 16:16 | Crear | Scout Cavalry |
| 16:18 | Crear | Scout Cavalry |
| 16:33 | Construir | Farm |
| 16:34 | Crear | Villager (Male) |
| 16:44 | Construir | House |
| 16:59 | Construir | Farm |
| 17:10 | Construir | House |
| 17:37 | Crear | Villager (Male) |
| 17:42 | Construir | Farm |
| 17:49 | Construir | Farm |
| 18:01 | Crear | Villager (Male) |
| 18:11 | Construir | Farm |
| 18:20 | Crear | Villager (Male) |
| 19:00 | Investigar | Castle Age |
| 19:00 | Investigar | Castle Age |
| 19:18 | Construir | Stable |
| 19:24 | Crear | Scout Cavalry |
| 21:25 | Construir | Mining Camp |
| 21:40 | Edad | Edad de los Castillos |
| 21:44 | Investigar | Chain Barding Armor |
| 21:44 | Crear | Knight |
| 21:45 | Crear | Knight |
| 21:45 | Crear | Knight |
| 21:50 | Crear | Villager (Male) |
| 21:53 | Crear | Villager (Male) |
| 21:57 | Crear | Knight |
| 22:02 | Investigar | Bow Saw |
| 22:02 | Investigar | Bow Saw |
| 22:05 | Crear | Villager (Male) |
| 22:07 | Construir | House |
| 22:09 | Construir | House |
| 22:13 | Construir | Palisade Wall |
| 22:16 | Crear | Knight |
| 22:16 | Crear | Knight |
| 22:18 | Crear | Knight |
| 22:22 | Crear | Knight |
| 22:22 | Crear | Knight |
| 22:45 | Construir | Town Center |
| 23:02 | Construir | Farm |
| 23:13 | Crear | Villager (Male) |
| 23:13 | Crear | Villager (Male) |
| 23:18 | Crear | Knight |
| 23:22 | Crear | Knight |
| 23:23 | Crear | Knight |
| 23:23 | Crear | Knight |
| 23:47 | Crear | Knight |
| 23:57 | Crear | Villager (Male) |
| 24:00 | Construir | Farm |
| 24:01 | Crear | Villager (Male) |
| 24:13 | Construir | Farm |
| 24:14 | Crear | Villager (Male) |
| 24:16 | Construir | Farm |
| 24:17 | Construir | Farm |
| 24:21 | Crear | Knight |
| 24:21 | Crear | Knight |
| 24:33 | Crear | Villager (Male) |
| 24:36 | Construir | Farm |
| 24:46 | Crear | Knight |
| 25:03 | Crear | Villager (Male) |
Build order — Valar
Primeras 150 de 205 acciones detectadas
| 0:03 | Construir | Town Center |
| 1:04 | Crear | Villager (Male) |
| 1:04 | Crear | Villager (Male) |
| 1:05 | Crear | Villager (Male) |
| 1:05 | Crear | Villager (Male) |
| 1:45 | Crear | Villager (Male) |
| 1:45 | Crear | Villager (Male) |
| 2:20 | Crear | Villager (Male) |
| 2:20 | Crear | Villager (Male) |
| 2:34 | Construir | Lumber Camp |
| 2:38 | Crear | Villager (Male) |
| 2:54 | Crear | Villager (Male) |
| 2:54 | Crear | Villager (Male) |
| 3:25 | Crear | Villager (Male) |
| 4:36 | Crear | Villager (Male) |
| 4:55 | Crear | Villager (Male) |
| 5:08 | Construir | Mill |
| 5:44 | Crear | Villager (Male) |
| 6:23 | Investigar | Feudal Age |
| 6:24 | Investigar | Feudal Age |
| 7:37 | Investigar | Loom |
| 8:05 | Construir | Barracks |
| 8:15 | Crear | Villager (Male) |
| 8:33 | Edad | Edad Feudal |
| 8:54 | Construir | Stable |
| 9:03 | Crear | Villager (Male) |
| 9:34 | Crear | Villager (Male) |
| 9:39 | Crear | Scout Cavalry |
| 9:39 | Crear | Scout Cavalry |
| 9:55 | Investigar | Double-Bit Axe |
| 10:04 | Crear | Villager (Male) |
| 10:08 | Crear | Scout Cavalry |
| 10:19 | Investigar | Horse Collar |
| 10:24 | Construir | Palisade Wall |
| 10:30 | Construir | Blacksmith |
| 10:32 | Crear | Villager (Male) |
| 10:36 | Construir | Palisade Wall |
| 10:43 | Construir | Palisade Wall |
| 10:50 | Crear | Scout Cavalry |
| 11:02 | Crear | Scout Cavalry |
| 11:02 | Crear | Villager (Male) |
| 11:29 | Crear | Villager (Male) |
| 11:42 | Construir | Farm |
| 11:43 | Construir | Farm |
| 12:01 | Crear | Scout Cavalry |
| 12:11 | Crear | Villager (Male) |
| 12:20 | Construir | Farm |
| 12:24 | Construir | Farm |
| 12:39 | Crear | Villager (Male) |
| 12:53 | Crear | Scout Cavalry |
| 12:56 | Construir | Farm |
| 13:03 | Crear | Villager (Male) |
| 13:06 | Construir | Farm |
| 13:07 | Construir | Farm |
| 13:10 | Construir | Farm |
| 13:20 | Construir | Farm |
| 13:23 | Crear | Scout Cavalry |
| 13:42 | Crear | Scout Cavalry |
| 13:45 | Construir | Farm |
| 13:53 | Construir | Farm |
| 14:00 | Crear | Villager (Male) |
| 14:01 | Crear | Villager (Male) |
| 14:11 | Construir | Farm |
| 14:14 | Construir | Palisade Wall |
| 14:18 | Crear | Villager (Male) |
| 14:20 | Construir | Farm |
| 14:33 | Construir | Farm |
| 14:38 | Crear | Scout Cavalry |
| 14:44 | Construir | Farm |
| 14:47 | Crear | Scout Cavalry |
| 14:56 | Construir | Farm |
| 15:03 | Crear | Villager (Male) |
| 15:04 | Crear | Villager (Male) |
| 15:14 | Crear | Villager (Male) |
| 15:29 | Construir | Palisade Wall |
| 15:39 | Construir | Farm |
| 15:39 | Crear | Villager (Male) |
| 15:42 | Crear | Scout Cavalry |
| 15:55 | Construir | Farm |
| 16:06 | Investigar | Scale Barding Armor |
| 16:06 | Investigar | Scale Barding Armor |
| 16:13 | Construir | Palisade Wall |
| 16:27 | Crear | Scout Cavalry |
| 16:32 | Crear | Villager (Male) |
| 16:43 | Construir | Farm |
| 16:44 | Crear | Villager (Male) |
| 16:57 | Construir | Farm |
| 16:58 | Construir | Farm |
| 16:59 | Construir | Farm |
| 17:01 | Crear | Scout Cavalry |
| 17:08 | Construir | Palisade Wall |
| 17:14 | Construir | Farm |
| 17:14 | Crear | Villager (Male) |
| 17:30 | Crear | Villager (Male) |
| 17:38 | Crear | Scout Cavalry |
| 17:46 | Crear | Villager (Male) |
| 17:56 | Construir | Mining Camp |
| 17:58 | Crear | Scout Cavalry |
| 18:03 | Construir | Palisade Wall |
| 18:11 | Crear | Scout Cavalry |
| 18:31 | Investigar | Bloodlines |
| 18:33 | Crear | Villager (Male) |
| 18:36 | Construir | Stable |
| 18:43 | Crear | Scout Cavalry |
| 18:54 | Construir | Farm |
| 19:07 | Crear | Villager (Male) |
| 19:18 | Crear | Scout Cavalry |
| 19:21 | Crear | Villager (Male) |
| 19:25 | Crear | Scout Cavalry |
| 19:28 | Construir | Farm |
| 19:34 | Crear | Scout Cavalry |
| 19:45 | Crear | Scout Cavalry |
| 19:49 | Construir | Farm |
| 20:16 | Construir | Farm |
| 20:18 | Crear | Scout Cavalry |
| 20:19 | Crear | Scout Cavalry |
| 20:20 | Crear | Villager (Male) |
| 20:36 | Crear | Scout Cavalry |
| 20:46 | Crear | Scout Cavalry |
| 20:46 | Crear | Villager (Male) |
| 21:01 | Crear | Scout Cavalry |
| 21:10 | Crear | Villager (Male) |
| 21:13 | Construir | Mill |
| 21:13 | Construir | Farm |
| 21:13 | Construir | Farm |
| 21:13 | Construir | Farm |
| 21:22 | Crear | Scout Cavalry |
| 21:22 | Crear | Villager (Male) |
| 21:52 | Crear | Villager (Male) |
| 21:57 | Investigar | Wheelbarrow |
| 22:50 | Construir | Palisade Wall |
| 23:29 | Investigar | Castle Age |
| 23:49 | Investigar | Fletching |
| 23:57 | Crear | Scout Cavalry |
| 23:58 | Crear | Scout Cavalry |
| 24:05 | Investigar | Forging |
| 24:05 | Investigar | Forging |
| 24:15 | Crear | Scout Cavalry |
| 24:16 | Crear | Scout Cavalry |
| 24:29 | Crear | Scout Cavalry |
| 24:43 | Construir | Lumber Camp |
| 24:48 | Crear | Scout Cavalry |
| 24:48 | Crear | Scout Cavalry |
| 24:56 | Investigar | Gold Mining |
| 25:09 | Crear | Scout Cavalry |
| 25:11 | Construir | Farm |
| 25:34 | Crear | Scout Cavalry |
| 25:50 | Construir | Stable |
| 26:09 | Edad | Edad de los Castillos |
| 26:11 | Investigar | Light Cavalry (upgrade) |
Build order — Morty2
Primeras 150 de 261 acciones detectadas
| 0:02 | Construir | Town Center |
| 1:04 | Crear | Villager (Male) ×4 |
| 1:04 | Crear | Villager (Male) ×4 |
| 2:06 | Crear | Villager (Male) |
| 2:06 | Crear | Villager (Male) |
| 2:32 | Crear | Villager (Male) |
| 2:32 | Crear | Villager (Male) |
| 2:36 | Construir | Mill |
| 2:55 | Crear | Villager (Male) |
| 3:01 | Construir | Lumber Camp |
| 3:24 | Investigar | Loom |
| 3:41 | Crear | Villager (Male) |
| 3:41 | Crear | Villager (Male) |
| 3:42 | Crear | Villager (Male) |
| 4:44 | Crear | Villager (Male) |
| 4:45 | Crear | Villager (Male) |
| 4:45 | Crear | Villager (Male) |
| 5:02 | Crear | Villager (Male) |
| 5:17 | Crear | Villager (Male) |
| 5:51 | Crear | Villager (Male) |
| 5:52 | Crear | Villager (Male) |
| 6:30 | Construir | Palisade Wall |
| 6:55 | Crear | Villager (Male) |
| 7:15 | Crear | Villager (Male) |
| 7:33 | Crear | Villager (Male) |
| 7:35 | Construir | House |
| 7:36 | Crear | Villager (Male) |
| 7:56 | Investigar | Feudal Age |
| 7:56 | Investigar | Feudal Age |
| 8:31 | Construir | Barracks |
| 8:31 | Crear | Villager (Male) |
| 9:16 | Crear | Villager (Male) |
| 10:06 | Edad | Edad Feudal |
| 10:10 | Construir | Stable |
| 10:14 | Investigar | Double-Bit Axe |
| 10:14 | Investigar | Double-Bit Axe |
| 10:35 | Investigar | Horse Collar |
| 10:35 | Crear | Villager (Male) |
| 10:39 | Construir | Palisade Wall |
| 10:40 | Construir | Palisade Wall |
| 10:41 | Construir | House |
| 10:43 | Construir | House |
| 10:56 | Crear | Scout Cavalry |
| 10:57 | Crear | Scout Cavalry |
| 10:57 | Crear | Scout Cavalry |
| 10:57 | Crear | Villager (Male) |
| 11:06 | Crear | Spearman |
| 11:06 | Crear | Spearman |
| 11:18 | Crear | Villager (Male) |
| 11:21 | Construir | Palisade Wall |
| 11:32 | Construir | Mill |
| 11:33 | Crear | Villager (Male) |
| 11:41 | Crear | Villager (Male) |
| 11:45 | Construir | House |
| 11:53 | Crear | Villager (Male) |
| 11:55 | Construir | Palisade Wall |
| 11:59 | Construir | House |
| 12:00 | Construir | Palisade Wall |
| 12:01 | Construir | House |
| 12:05 | Construir | House |
| 12:13 | Crear | Villager (Male) |
| 12:22 | Crear | Villager (Male) |
| 12:27 | Construir | Watch Tower |
| 12:39 | Crear | Villager (Male) |
| 12:46 | Construir | Farm |
| 12:47 | Construir | Farm |
| 12:56 | Crear | Scout Cavalry |
| 12:57 | Crear | Scout Cavalry |
| 13:22 | Crear | Scout Cavalry |
| 13:23 | Crear | Scout Cavalry |
| 13:47 | Crear | Villager (Male) |
| 13:59 | Crear | Scout Cavalry |
| 14:00 | Crear | Scout Cavalry |
| 14:02 | Construir | Farm |
| 14:18 | Construir | Farm |
| 14:18 | Construir | Farm |
| 14:23 | Construir | Farm |
| 14:33 | Construir | Palisade Wall |
| 14:35 | Crear | Villager (Male) |
| 14:39 | Construir | Farm |
| 14:52 | Crear | Villager (Male) |
| 14:55 | Construir | Farm |
| 14:55 | Construir | Farm |
| 14:56 | Construir | Farm |
| 14:56 | Construir | Farm |
| 15:04 | Crear | Villager (Male) |
| 15:15 | Crear | Scout Cavalry |
| 15:30 | Crear | Villager (Male) |
| 15:33 | Construir | Blacksmith |
| 15:42 | Crear | Villager (Male) |
| 15:47 | Construir | Mill |
| 16:06 | Crear | Villager (Male) |
| 16:16 | Construir | Mining Camp |
| 16:20 | Crear | Scout Cavalry |
| 16:20 | Crear | Scout Cavalry |
| 16:37 | Construir | House |
| 16:38 | Construir | House |
| 16:40 | Crear | Scout Cavalry |
| 17:00 | Crear | Villager (Male) |
| 17:07 | Construir | Palisade Wall |
| 17:11 | Construir | House |
| 17:38 | Crear | Villager (Male) |
| 17:39 | Construir | Farm |
| 17:39 | Construir | Farm |
| 17:40 | Construir | Farm |
| 17:48 | Investigar | Scale Barding Armor |
| 17:48 | Investigar | Scale Barding Armor |
| 17:57 | Crear | Villager (Male) |
| 17:59 | Construir | House |
| 18:00 | Construir | House |
| 18:06 | Crear | Villager (Male) |
| 18:10 | Construir | Farm |
| 18:15 | Crear | Scout Cavalry |
| 18:19 | Investigar | Forging |
| 18:19 | Investigar | Forging |
| 18:26 | Crear | Scout Cavalry |
| 18:32 | Construir | Stable |
| 18:56 | Crear | Villager (Male) |
| 19:02 | Investigar | Bloodlines |
| 19:02 | Investigar | Bloodlines |
| 19:13 | Crear | Villager (Male) |
| 19:22 | Crear | Villager (Male) |
| 19:41 | Crear | Scout Cavalry |
| 19:49 | Crear | Scout Cavalry |
| 19:50 | Crear | Scout Cavalry |
| 19:52 | Construir | Farm |
| 19:53 | Crear | Villager (Male) |
| 20:28 | Crear | Villager (Male) |
| 20:29 | Crear | Scout Cavalry |
| 20:29 | Crear | Scout Cavalry |
| 20:32 | Crear | Villager (Male) |
| 20:34 | Construir | Market |
| 20:52 | Crear | Scout Cavalry |
| 21:06 | Crear | Villager (Male) |
| 21:12 | Crear | Scout Cavalry |
| 21:12 | Crear | Scout Cavalry |
| 21:27 | Crear | Scout Cavalry |
| 21:31 | Construir | Farm |
| 21:32 | Construir | Farm |
| 22:04 | Crear | Scout Cavalry |
| 22:15 | Crear | Scout Cavalry |
| 22:28 | Crear | Villager (Male) |
| 22:45 | Investigar | Castle Age |
| 22:46 | Investigar | Castle Age |
| 22:54 | Construir | Mill |
| 23:02 | Construir | Lumber Camp |
| 23:08 | Investigar | Gold Mining |
| 23:09 | Investigar | Gold Mining |
| 23:36 | Construir | Palisade Gate |
| 23:39 | Construir | Palisade Gate |
Build order — Water
Primeras 150 de 271 acciones detectadas
| 0:03 | Construir | Town Center |
| 1:07 | Crear | Villager (Male) |
| 1:08 | Crear | Villager (Male) |
| 1:10 | Crear | Villager (Male) |
| 1:15 | Crear | Villager (Male) |
| 1:52 | Crear | Villager (Male) |
| 2:39 | Crear | Villager (Male) |
| 2:46 | Crear | Villager (Male) |
| 3:06 | Crear | Villager (Male) |
| 3:17 | Construir | Mill |
| 3:20 | Crear | Villager (Male) |
| 3:42 | Construir | Lumber Camp |
| 4:32 | Crear | Villager (Male) |
| 5:13 | Crear | Villager (Male) |
| 5:41 | Crear | Villager (Male) |
| 6:11 | Investigar | Feudal Age |
| 6:12 | Investigar | Feudal Age |
| 7:17 | Construir | Barracks |
| 7:50 | Crear | Villager (Male) |
| 8:13 | Construir | House |
| 8:16 | Investigar | Loom |
| 8:21 | Edad | Edad Feudal |
| 8:23 | Crear | Spearman |
| 8:26 | Construir | Archery Range |
| 8:45 | Crear | Villager (Male) |
| 8:51 | Construir | Archery Range |
| 9:00 | Crear | Villager (Male) |
| 9:06 | Construir | House |
| 9:09 | Crear | Villager (Male) |
| 9:16 | Crear | Villager (Male) |
| 9:33 | Crear | Archer |
| 9:37 | Crear | Archer |
| 9:45 | Crear | Villager (Male) |
| 9:47 | Crear | Archer |
| 9:51 | Construir | House |
| 9:59 | Construir | Palisade Wall |
| 10:05 | Crear | Archer |
| 10:06 | Crear | Archer |
| 10:10 | Crear | Archer |
| 10:21 | Construir | House |
| 10:22 | Crear | Villager (Male) |
| 10:30 | Crear | Archer |
| 10:37 | Investigar | Double-Bit Axe |
| 10:37 | Investigar | Double-Bit Axe |
| 10:38 | Investigar | Double-Bit Axe |
| 10:38 | Crear | Villager (Male) |
| 10:43 | Crear | Archer |
| 10:47 | Crear | Archer |
| 11:09 | Construir | Blacksmith |
| 11:12 | Crear | Villager (Male) |
| 11:14 | Crear | Archer |
| 11:23 | Crear | Archer |
| 11:24 | Crear | Villager (Male) |
| 11:31 | Construir | Palisade Wall |
| 11:42 | Construir | House |
| 11:44 | Construir | House |
| 12:03 | Construir | Palisade Wall |
| 12:04 | Construir | Palisade Wall |
| 12:09 | Construir | Palisade Wall |
| 12:11 | Construir | Palisade Wall |
| 12:20 | Crear | Villager (Male) |
| 12:23 | Crear | Archer |
| 12:33 | Crear | Villager (Male) |
| 12:42 | Crear | Villager (Male) |
| 12:44 | Crear | Archer |
| 12:45 | Crear | Archer |
| 13:26 | Crear | Archer |
| 13:30 | Construir | Mill |
| 13:39 | Crear | Archer |
| 13:51 | Crear | Villager (Male) |
| 14:18 | Construir | Farm |
| 14:19 | Construir | Farm |
| 14:27 | Construir | House |
| 14:36 | Investigar | Fletching |
| 14:36 | Investigar | Fletching |
| 14:48 | Construir | Palisade Wall |
| 14:49 | Construir | Palisade Wall |
| 14:53 | Construir | Palisade Wall |
| 15:05 | Crear | Archer |
| 15:05 | Crear | Archer |
| 15:08 | Crear | Archer |
| 15:13 | Construir | House |
| 15:14 | Construir | Palisade Wall |
| 15:15 | Crear | Villager (Male) |
| 15:22 | Crear | Archer |
| 15:35 | Crear | Archer |
| 15:35 | Crear | Archer |
| 15:43 | Crear | Villager (Male) |
| 15:50 | Crear | Archer |
| 15:56 | Crear | Archer |
| 15:59 | Crear | Villager (Male) |
| 16:10 | Crear | Archer |
| 16:12 | Crear | Villager (Male) |
| 16:14 | Crear | Archer |
| 16:30 | Crear | Villager (Male) |
| 16:33 | Construir | Farm |
| 16:34 | Construir | Farm |
| 16:35 | Crear | Archer |
| 16:42 | Crear | Villager (Male) |
| 16:46 | Construir | Palisade Wall |
| 16:48 | Crear | Archer |
| 17:06 | Construir | House |
| 17:14 | Crear | Archer |
| 17:16 | Crear | Archer |
| 17:19 | Crear | Archer |
| 17:29 | Construir | House |
| 17:31 | Construir | House |
| 17:43 | Construir | House |
| 17:49 | Crear | Archer |
| 17:49 | Crear | Villager (Male) |
| 17:59 | Construir | Market |
| 18:03 | Construir | House |
| 18:04 | Construir | House |
| 18:13 | Crear | Villager (Male) |
| 18:20 | Crear | Archer |
| 18:20 | Crear | Archer |
| 18:26 | Crear | Villager (Male) |
| 18:36 | Crear | Villager (Male) |
| 18:49 | Crear | Archer |
| 18:54 | Crear | Villager (Male) |
| 19:00 | Crear | Villager (Male) |
| 19:08 | Construir | House |
| 19:24 | Investigar | Castle Age |
| 19:25 | Investigar | Castle Age |
| 19:25 | Investigar | Castle Age |
| 19:32 | Crear | Villager (Male) |
| 19:44 | Construir | House |
| 19:47 | Crear | Archer |
| 19:47 | Crear | Villager (Male) |
| 19:53 | Construir | House |
| 20:07 | Crear | Archer |
| 20:07 | Crear | Villager (Male) |
| 20:26 | Crear | Archer |
| 20:26 | Crear | Villager (Male) |
| 20:36 | Crear | Archer |
| 20:50 | Crear | Archer |
| 21:04 | Crear | Archer |
| 21:04 | Crear | Villager (Male) |
| 21:11 | Construir | Mining Camp |
| 21:25 | Construir | House |
| 22:00 | Construir | Archery Range |
| 22:02 | Construir | House |
| 22:03 | Construir | House |
| 22:07 | Crear | Villager (Male) |
| 22:09 | Edad | Edad de los Castillos |
| 22:15 | Investigar | Bodkin Arrow |
| 22:15 | Investigar | Crossbowman (upgrade) |
| 22:21 | Investigar | Crossbowman (upgrade) |
| 22:21 | Investigar | Crossbowman (upgrade) |
| 22:21 | Investigar | Crossbowman (upgrade) |
Cronología de la partida
| 3:41 | link_chaos · first_building Barracks |
| 4:14 | Aqua Sama · first_building Barracks |
| 5:58 | link_chaos · wall_segment Palisade Wall x1 |
| 6:00 | link_chaos · wall_segment Palisade Wall x6 |
| 6:30 | Morty2 · wall_segment Palisade Wall x1 |
| 6:52 | _kill3rJ · first_building Barracks |
| 7:05 | _kill3rJ · wall_segment Palisade Wall x1 |
| 7:06 | dopefish · first_building Barracks |
| 7:06 | _kill3rJ · wall_segment Palisade Wall x1 |
| 7:17 | Water · first_building Barracks |
| 7:36 | _kill3rJ · wall_segment Palisade Wall x1 |
| 7:37 | _kill3rJ · wall_segment Palisade Wall x1 |
| 7:39 | _kill3rJ · wall_segment Palisade Wall x1 |
| 7:45 | link_chaos · wall_segment Palisade Wall x1 |
| 7:46 | link_chaos · wall_segment Palisade Wall x8 |
| 7:48 | Aqua Sama · age_up feudal |
| 8:02 | link_chaos · wall_segment Palisade Wall x7 |
| 8:05 | Valar · first_building Barracks |
| 8:05 | link_chaos · wall_segment Palisade Wall x1 |
| 8:06 | link_chaos · wall_segment Palisade Wall x1 |
| 8:07 | link_chaos · wall_segment Palisade Wall x1 |
| 8:08 | link_chaos · wall_segment Palisade Wall x1 |
| 8:16 | dopefish · age_up feudal |
| 8:18 | dopefish · first_building Stable |
| 8:21 | Water · age_up feudal |
| 8:26 | Water · first_building Archery Range |
| 8:31 | Morty2 · first_building Barracks |
| 8:33 | Valar · age_up feudal |
| 8:47 | Aqua Sama · first_building Archery Range |
| 8:52 | _kill3rJ · age_up feudal |
| 8:54 | Valar · first_building Stable |
| 8:57 | _kill3rJ · first_building Stable |
| 9:05 | justkidding · first_building Barracks |
| 9:14 | _kill3rJ · wall_segment Palisade Wall x1 |
| 9:17 | link_chaos · wall_segment Palisade Wall x5 |
| 9:19 | _kill3rJ · wall_segment Palisade Wall x1 |
| 9:20 | justkidding · age_up feudal |
| 9:21 | link_chaos · wall_segment Palisade Wall x6 |
| 9:38 | dopefish · wall_segment Palisade Wall x1 |
| 9:41 | _kill3rJ · wall_segment Palisade Wall x14 |
| 9:43 | dopefish · wall_segment Palisade Wall x3 |
| 9:52 | dopefish · wall_segment Palisade Wall x9 |
| 9:56 | dopefish · wall_segment Palisade Wall x1 |
| 9:59 | Water · wall_segment Palisade Wall x1 |
| 10:06 | Morty2 · age_up feudal |
| 10:10 | Morty2 · first_building Stable |
| 10:17 | justkidding · first_building Archery Range |
| 10:24 | Valar · wall_segment Palisade Wall x1 |
| 10:25 | link_chaos · wall_segment Palisade Wall x1 |
| 10:25 | link_chaos · wall_segment Palisade Wall x1 |
| 10:36 | Valar · wall_segment Palisade Wall x1 |
| 10:39 | Morty2 · wall_segment Palisade Wall x1 |
| 10:40 | Morty2 · wall_segment Palisade Wall x1 |
| 10:43 | Valar · wall_segment Palisade Wall x1 |
| 11:03 | link_chaos · age_up feudal |
| 11:08 | _kill3rJ · wall_segment Palisade Wall x6 |
| 11:21 | link_chaos · first_building Archery Range |
| 11:21 | Morty2 · wall_segment Palisade Wall x9 |
| 11:26 | link_chaos · wall_segment Palisade Wall x1 |
| 11:28 | link_chaos · wall_segment Palisade Wall x4 |
| 11:31 | Water · wall_segment Palisade Wall x2 |
| 11:55 | Morty2 · wall_segment Palisade Wall x1 |
| 12:00 | Morty2 · wall_segment Palisade Wall x1 |
| 12:03 | Water · wall_segment Palisade Wall x1 |
| 12:04 | Water · wall_segment Palisade Wall x1 |
| 12:09 | Water · wall_segment Palisade Wall x1 |
| 12:11 | Water · wall_segment Palisade Wall x1 |
| 12:41 | Aqua Sama · wall_segment Palisade Wall x7 |
| 14:14 | Valar · wall_segment Palisade Wall x8 |
| 14:30 | dopefish · wall_segment Palisade Wall x1 |
| 14:33 | Morty2 · wall_segment Palisade Wall x1 |
| 14:48 | Water · wall_segment Palisade Wall x1 |
| 14:49 | Water · wall_segment Palisade Wall x1 |
| 14:53 | Water · wall_segment Palisade Wall x1 |
| 15:14 | Water · wall_segment Palisade Wall x4 |
| 15:27 | Aqua Sama · wall_segment Palisade Wall x18 |
| 15:29 | Valar · wall_segment Palisade Wall x6 |
| 16:06 | dopefish · wall_segment Palisade Wall x24 |
| 16:13 | Valar · wall_segment Palisade Wall x4 |
| 16:46 | Water · wall_segment Palisade Wall x1 |
| 17:07 | Morty2 · wall_segment Palisade Wall x1 |
| 17:08 | Valar · wall_segment Palisade Wall x5 |
| 18:03 | Valar · wall_segment Palisade Wall x8 |
| 18:52 | Aqua Sama · first_market_sell 100 stone |
| 18:53 | Aqua Sama · first_market_buy 100 food |
| 19:10 | Water · first_market_sell 500 stone |
| 19:10 | Water · first_market_buy 500 food |
| 19:22 | justkidding · age_up castle |
| 21:31 | Aqua Sama · age_up castle |
| 21:34 | Morty2 · first_market_sell 500 wood |
| 21:35 | Morty2 · first_market_buy 500 food |
| 21:40 | _kill3rJ · age_up castle |
| 22:09 | Water · age_up castle |
| 22:13 | _kill3rJ · wall_segment Palisade Wall x1 |
| 22:50 | Valar · wall_segment Palisade Wall x13 |
| 22:57 | link_chaos · age_up castle |
| 23:40 | link_chaos · wall_segment Palisade Wall x1 |
| 23:41 | link_chaos · wall_segment Palisade Wall x1 |
| 23:44 | dopefish · age_up castle |
| 24:06 | link_chaos · first_market_buy 100 wood |
| 24:25 | Water · wall_segment Palisade Wall x1 |
| 25:25 | Morty2 · age_up castle |
| 26:09 | Valar · age_up castle |
| 31:55 | Morty2 · resign |
[ ANÁLISIS IA · 1 CRÉDITO ]
¿Qué pasó realmente en esta partida?
Wolo.gg analiza cada decisión: build order, eco, micro, errores típicos por bracket. Análisis personalizado por WhatsApp o Discord en 30 segundos.
Guía civ
Gurjaras
Guía mapa
Steppe
Perfil
Jugador #1963211